AoeStats
← Barón de la Cerveza

Arabia

507171128Analyzed
1v1 RM · 16d ago on Sep 17, 2026· 45m 17s· 2 players
Game mode
Random Map
Map size
Tiny (2 player)
Population
200
Speed
Normal
Resources
Standard
Victory
Conquest
Starting age
Dark Age
Ending age
Imperial Age
RankedLock teamsTeams togetherTeam positionsShared explorationLock speedFull tech treeHidden civsTurbo modeCheats
Victory
Defeat
🇨🇴 Wei · Colombia
1904
+13
🇲🇽 Tupi · Mexico
1830
-13
Barón de la Cerveza
7:15 Loom
10:48 Feudal Age
10:51 Champi Runner
15:07 Forging
15:27 Arson
21:44 Scale Mail Armor
23:51 Castle Age
23:57 Champi Warrior
24:37 Squires
24:54 Chain Mail Armor
27:26 Double-Bit Axe
28:21 Horse Collar
29:23 Bow Saw
34:21 Fletching
35:24 Bodkin Arrow
39:16 Ballistics
FMG | KauTrEnS
6:09 Loom
9:24 Feudal Age
10:02 Double-Bit Axe
17:54 Wheelbarrow
22:00 Castle Age
20:32 Gold Mining
21:40 Bloodlines
21:50 Fletching
22:44 Husbandry
22:41 Bodkin Arrow
24:36 Bow Saw
28:04 Ballistics
27:46 Padded Archer Armor
28:26 Thumb Ring
29:02 Town Watch
30:20 Leather Archer Armor
36:45 Hand Cart
45:01 Imperial Age
45:19 Town Patrol
45:48 Bracer
46:19 Ring Archer Armor
46:53 Chemistry
Connection lost

Rejoining the realm…

Still unreachable

The connection could not be restored.

Session expired

The server has moved on; the page needs a fresh start.